 Dungeon Crawl Stone Soup version 0.19-a0-1268-g6c5d9f8 (webtiles) character file.

5042 Amnesiac the Artisan of Death (level 10, -4/63 HPs)
             Began as a Mummy Necromancer on Aug 29, 2016.
             Was a Priest of Kikubaaqudgha.
             Killed from afar by Erica (17 damage)
             ... with an orb of energy
             ... on level 9 of the Dungeon.
             The game lasted 00:18:25 (10017 turns).

Amnesiac the Artisan of Death (Mummy Necromancer)  Turns: 10017, Time: 00:18:26

Health: -4/63      AC:  7    Str: 16    XL:     10   Next: 30%
Magic:  3/31       EV: 15    Int: 18    God:    Kikubaaqudgha [***...]
Gold:   451        SH:  3    Dex: 13    Spells: 7 memorised, 2 levels left

rFire  x . .     SeeInvis .     r - +3 quarterstaff (chaos)
rCold  + + .     Gourm    .     t - +2 robe {MR+}
rNeg   + + +     Faith    .     (shield currently unavailable)
rPois  ∞         Spirit   .     o - +0 helmet
rElec  .         Dismiss  .     s - +0 cloak {rPois}
rCorr  .         Reflect  +     m - +0 pair of gloves of Patterns {rC+ Str+5}
MR     ++...     Harm     .     (no boots)
Stlth  ++........               x - +3 amulet of reflection
                                e - +3 ring of evasion
                                d - ring of magical power

@: about to teleport, very slightly contaminated
A: no food or potions, fire vulnerability, cold resistance 1, negative energy
resistance 3, torment resistance, unbreathing
a: Receive Corpses, Renounce Religion


You were on level 9 of the Dungeon.
You worshipped Kikubaaqudgha.
Kikubaaqudgha was most pleased with you.
You were not hungry.

You visited 2 branches of the dungeon, and saw 10 of its levels.

You collected 451 gold pieces.

Inventory:

Hand Weapons
 c - a +3 mace
 k - the +0 war axe of Darkness {chop, rPois}
   (You took it off a centaur on level 5 of the Dungeon)

   It inflicts extra damage upon your enemies.
   It protects you from poison.
 r - a +3 quarterstaff of chaos (weapon)
Armour
 m - the +0 pair of gloves of Patterns (worn) {rC+ Str+5}
   (You found it on level 6 of the Dungeon)

   It affects your strength (+5).
   It protects you from cold.
 o - a +0 helmet (worn)
 s - a +0 cloak of poison resistance (worn)
 t - a +2 robe of magic resistance (worn)
 A - a steam dragon hide
Jewellery
 d - a ring of magical power (left hand)
 e - a +3 ring of evasion (right hand)
 l - an uncursed ring of flight
 x - a +3 amulet of reflection (around neck)
 z - an uncursed amulet of guardian spirit
Wands
 a - a wand of lightning (7/15)
 j - a wand of digging (0/24)
 D - a wand of acid (8/15)
Scrolls
 f - 2 scrolls of teleportation
 g - 10 scrolls of remove curse
 h - 4 scrolls of identify
 i - a scroll of random uselessness
 n - a scroll of magic mapping
 u - 2 scrolls of amnesia {unknown}
 v - a scroll of torment {unknown}
 w - 2 scrolls of enchant armour {unknown}
 y - a scroll of vulnerability {unknown}
 B - a scroll of blinking {unknown}
Books
 b - a book of Necromancy

   Spells                             Type                      Level
   a - Pain                           Necromancy                   1
   b - Animate Skeleton               Necromancy                   1
   c - Vampiric Draining              Necromancy                   3
   d - Regeneration                   Charms/Necromancy            3
   e - Animate Dead                   Necromancy                   4
   f - Control Undead                 Necromancy                   4
 q - Kikubaaqudgha's Grimoire of Necromancy
   (Kikubaaqudgha gifted it to you on level 3 of the Dungeon)

   Spells                             Type                      Level
   a - Animate Skeleton               Necromancy                   1
   b - Pain                           Necromancy                   1
   c - Corpse Rot                     Necromancy                   2
   d - Vampiric Draining              Necromancy                   3
   e - Control Undead                 Necromancy                   4
 C - Kikubaaqudgha's Collected Works on Darkness
   (Kikubaaqudgha gifted it to you on level 9 of the Dungeon)

   Spells                             Type                      Level
   a - Excruciating Wounds            Charms/Necromancy            5
   b - Bolt of Draining               Conjuration/Necromancy       5
   c - Cigotuvi's Embrace             Necromancy                   5
   d - Dispel Undead                  Necromancy                   5
   e - Simulacrum                     Ice/Necromancy               6
 E - the Collected Works on Confrontation
   (You found it on level 9 of the Dungeon)

   Spells                             Type                      Level
   a - Shock                          Conjuration/Air              1
   b - Magic Dart                     Conjuration                  1
   c - Throw Flame                    Conjuration/Fire             2
   d - Iskenderun's Mystic Blast      Conjuration                  4
   e - Iskenderun's Battlesphere      Conjuration/Charms           5
   f - Delayed Fireball               Conjuration/Fire             7


   Skills:
 - Level 1.5 Dodging
 - Level 1.5 Stealth
 + Level 8.7 Spellcasting
 - Level 12.5 Necromancy


You had 2 spell levels left.
You knew the following spells:

 Your Spells              Type           Power        Failure   Level  Hunger
a - Control Undead        Necr           ######....   1%          4    N/A
b - Animate Dead          Necr           N/A          1%          4    N/A
c - Pain                  Necr           ####         1%          1    N/A
d - Corpse Rot            Necr           N/A          1%          2    N/A
f - Bolt of Draining      Conj/Necr      ####......   24%         5    N/A
w - Dispel Undead         Necr           ######..     1%          5    N/A
z - Vampiric Draining     Necr           ######....   1%          3    N/A

Dungeon Overview and Level Annotations

Branches:
Dungeon (9/15)             Temple (1/1) D:6            Lair (0/6) D:8
    Orc: D:9-12

Altars:
Ashenzari
Cheibriados
Dithmenos
Elyvilon
Fedhas
Gozag
Hepliaklqana
Kikubaaqudgha
Makhleb
Nemelex Xobeh
Okawaru
Qazlal
Ru
Sif Muna
Trog
Uskayaw
Vehumet
Xom
Yredelemnul
Zin
The Shining One

Annotations:
D:9 Erica


Innate Abilities, Weirdness & Mutations

You do not eat or drink.
Your flesh is vulnerable to fire.
You are immune to poison.
Your flesh is cold resistant. (rC+)
You are immune to negative energy. (rN+++)
You are immune to unholy pain and torment.
You can survive without breathing.


Message History

You miss something.
You hear some strange, mumbled words.
An orb of energy appears from out of thin air!
The orb of energy misses you. Something hits you!
* * * LOW HITPOINT WARNING * * *
Something burns you.
* * * LOW HITPOINT WARNING * * *
Unknown command.
You can't drink.
Unknown command.
As you read the scroll of fear, it crumbles to dust.
You assume a fearsome visage.
Nothing appears to happen.
As you read the scroll of teleportation, it crumbles to dust.
You feel strangely unstable. Something hits you but does no damage.
Unknown command.
You hear some strange, mumbled words.
An orb of energy appears from out of thin air!
The orb of energy hits you!
You die...
Kikubaaqudgha rasps: "You have failed me!
Welcome... oblivion!"

####.######
#.########.#
#.#
#..........#
#!#
############
#.# #.# #.#
# #.#
###########
# #.#
#.........#
## #.#
#.#######@#
.# #.# #.#
..#.# Z# #.#
#.# #.#.#
Z###.# #.#
#{#†# .Z##.#
#.#.###.#.#
#Z##.#
#.#.....#.#
#Z##.#
#.#.......#
#.##.#
#.#.......#
#.##.#
#.#..%..#.#


There were no monsters in sight!

Vanquished Creatures
  A komodo dragon (D:8)
  The ghost of kraktruk the Cutter, an amateur SpAs (D:4)
  3 yaks (D:8)
  A wyvern (D:9)
  Eustachio (D:4)
  A hungry ghost (D:8)
  Menkaure (D:5)
  A steam dragon (D:8)
  A water moccasin (D:8)
  2 orc warriors
  2 ice beasts
  2 phantoms
  A sky beast (D:8)
  2 eyes of draining (D:3)
  2 necrophages
  5 ogres
  2 centaurs
  5 giant frogs
  A scorpion (D:5)
  4 wights
  A howler monkey (D:8)
  4 crimson imps
  5 jellies
  A quasit (D:8)
  A wasp zombie (D:8)
  8 hounds
  Crazy Yiuf (D:6)
  6 orc wizards
  2 orc priests
  2 giant frog skeletons (D:8)
  A centaur skeleton (D:9)
  Natasha (thrice) (D:3 D:5)
  Terence (D:3)
  3 worker ants
  A killer bee zombie (D:7)
  A hound zombie (D:9)
  2 hound skeletons
  6 adders
  2 gnolls (D:3)
  3 shadow imps
  3 oozes
  3 adder skeletons
  A worm (D:2)
  3 dart slugs
  6 giant geckos
  25 orcs
  7 bats
  5 giant cockroaches
  10 goblins
  8 hobgoblins
  8 jackals
  10 kobolds
  5 quokkas
  3 ball pythons
  5 giant newts
  A quokka skeleton (D:9)
  2 quokka zombies
  3 rats
201 creatures vanquished.

Vanquished Creatures (collateral kills)
  A scorpion (D:9)
  A wight (D:7)
  An orc priest (D:5)
  An adder (D:9)
  A shadow imp (D:9)
5 creatures vanquished.

Vanquished Creatures (others)
  A necrophage (D:9)
  2 plants (D:8)
3 creatures vanquished.

Grand Total: 209 creatures vanquished

Notes
Turn   | Place    | Note
-------+----------+-------------------------------------------
     0 | D:1      | Amnesiac the Mummy Necromancer began the quest for the Orb.
     0 | D:1      | Reached XP level 1. HP: 13/13 MP: 3/3
    10 | D:1      | Noticed a redback
    10 | D:1      | Noticed a black mamba
    10 | D:1      | Noticed a hound
    11 | D:1      | Noticed a seven-headed hydra
    11 | D:1      | Noticed a swamp worm
    89 | D:1      | Reached XP level 2. HP: 19/19 MP: 0/5
   552 | D:2      | Reached XP level 3. HP: 24/24 MP: 6/6
   557 | D:2      | Learned a level 3 spell: Vampiric Draining
   742 | D:3      | Noticed Natasha
   753 | D:3      | Killed Natasha
   753 | D:3      | Reached skill level 5 in Necromancy
   753 | D:3      | Reached XP level 4. HP: 15/30 MP: 4/8
   948 | D:4      | Noticed kraktruk's ghost (amateur SpAs)
   999 | D:3      | Noticed an eye of draining
  1000 | D:3      | Found a bloodstained altar of Trog.
  1027 | D:3      | Killed an eye of draining
  1027 | D:3      | Reached skill level 6 in Necromancy
  1027 | D:3      | Reached XP level 5. HP: 24/35 MP: 0/10
  1104 | D:3      | Noticed Natasha
  1253 | D:3      | Noticed a phantom
  1553 | D:4      | Noticed Eustachio
  1567 | D:4      | Killed Eustachio
  1567 | D:4      | Reached XP level 6. HP: 36/41 MP: 11/11
  1668 | D:4      | Reached skill level 7 in Necromancy
  1983 | D:5      | Entered Level 5 of the Dungeon
  2005 | D:5      | Killed Natasha
  2124 | D:5      | Noticed Natasha
  2126 | D:5      | Killed Natasha
  2650 | D:5      | Reached XP level 7. HP: 46/46 MP: 13/13
  2740 | D:5      | Got a transparent war axe {chop}
  2741 | D:5      | Identified the cursed +0 war axe of Darkness {chop, rPois} (You took it off a centaur on level 5 of the Dungeon)
  2944 | D:5      | Reached skill level 8 in Necromancy
  3000 | D:5      | Noticed Menkaure
  3006 | D:5      | Learned a level 4 spell: Control Undead
  3060 | D:5      | Killed Menkaure
  3235 | D:5      | Reached skill level 5 in Spellcasting
  3289 | D:5      | Found a glowing golden altar of the Shining One.
  3588 | D:4      | Killed kraktruk's ghost
  3588 | D:4      | Reached XP level 8. HP: 24/52 MP: 9/15
  3791 | D:6      | Found a shadowy altar of Dithmenos.
  4022 | D:6      | Reached skill level 9 in Necromancy
  4187 | D:6      | Found a blossoming altar of Fedhas.
  4331 | D:6      | Found a staircase to the Ecumenical Temple.
  4340 | D:6      | Got a pair of translucent gloves
  4346 | D:6      | Identified the +0 pair of gloves of Patterns {rC+ Str+5} (You found it on level 6 of the Dungeon)
  4350 | Temple   | Entered the Ecumenical Temple
  4406 | Temple   | Became a worshipper of Kikubaaqudgha
  5708 | D:3      | Noticed Terence
  5718 | D:3      | Killed Terence
  6021 | D:3      | Reached * piety under Kikubaaqudgha
  6021 | D:3      | Identified Kikubaaqudgha's Grimoire of Necromancy (Kikubaaqudgha gifted it to you on level 3 of the Dungeon)
  6021 | D:3      | Received a gift from Kikubaaqudgha
  6028 | D:3      | Learned a level 2 spell: Corpse Rot
  6213 | D:6      | Reached skill level 10 in Necromancy
  6578 | D:6      | Found a runed door.
  6721 | D:6      | Reached XP level 9. HP: 37/57 MP: 18/18
  6857 | D:6      | Noticed Crazy Yiuf
  6863 | D:6      | Killed Crazy Yiuf
  7539 | D:7      | Reached ** piety under Kikubaaqudgha
  7555 | D:7      | Found an opulent altar of Gozag.
  7750 | D:7      | Found an ancient bone altar of Kikubaaqudgha.
  8180 | D:8      | Reached skill level 11 in Necromancy
  8587 | D:8      | Reached skill level 12 in Necromancy
  8795 | D:8      | Reached XP level 10. HP: 17/63 MP: 17/21
  8992 | D:8      | Found a staircase to the Lair.
  9072 | D:8      | Learned a level 4 spell: Animate Dead
  9557 | D:9      | Reached *** piety under Kikubaaqudgha
  9557 | D:9      | Identified Kikubaaqudgha's Collected Works on Darkness (Kikubaaqudgha gifted it to you on level 9 of the Dungeon)
  9557 | D:9      | Received a gift from Kikubaaqudgha
  9586 | D:9      | Learned a level 5 spell: Bolt of Draining
  9592 | D:9      | Learned a level 5 spell: Dispel Undead
  9882 | D:9      | Identified the Collected Works on Confrontation
  9994 | D:9      | Noticed Erica
 10017 | D:9      | Killed from afar by Erica

Vault maps used:
D:1:      onia_arrival_zoo_common, interstate_on_off
D:2:      first_bread
D:3:      trog_eyes_of_draining, serial_bayou_crossing, uniq_natasha,
          uniq_terence
D:4:      uniq_eustachio
D:5:      nicolae_tso_swordbearing_angel, uniq_menkaure
D:6:      basic_altar, fedhas_altar_3, uniq_crazy_yiuf_cottage
D:7:      nicolae_overflow_crystal_walls, basic_altar, grunt_ogre_cave,
          minmay_holes, dk_noncrumbling_3
D:8:      david_lair_shrubbed
D:9:      uniq_erica
Temple:   hc_temple_tempest_star

Skill      XL: |  1  2  3  4  5  6  7  8  9 10 |
---------------+-------------------------------+-----
Necromancy     | 5 6 7 8 10 12 | 12.5
Spellcasting   | 3 4 5 6 7 8 |  8.7
Dodging        | |  1.5
Stealth        | |  1.5

Action                   |  1- 3 |  4- 6 |  7- 9 | 10-12 || total
-------------------------+-------+-------+-------+-------++-------
Melee: Mace              |     3 |    64 |   113 |       ||   180
       Unarmed           |     1 |       |       |       ||     1
       Quarterstaff      |       |       |   186 |    60 ||   246
 Cast: Pain              |    44 |    56 |   173 |       ||   273
       Vampiric Draining |     1 |     5 |    39 |    11 ||    56
       Control Undead    |       |       |    14 |       ||    14
       Corpse Rot        |       |       |     1 |     1 ||     2
       Bolt of Draining  |       |       |       |     5 ||     5
       Animate Dead      |       |       |       |     4 ||     4
       Dispel Undead     |       |       |       |     2 ||     2
  Use: Scroll            |       |       |     7 |     2 ||     9
 Stab: Sleeping          |       |     1 |     1 |       ||     2
       Betrayed ally     |       |       |     1 |       ||     1
Armor: Robe              |     1 |    11 |    74 |    21 ||   107
Dodge: Dodged            |    10 |    60 |   309 |    41 ||   420
Block: Other             |       |       |     4 |     9 ||    13
       Reflection        |       |       |       |     1 ||     1
